 Dungeon Crawl Stone Soup version 0.25-a0-294-gea9b1ad (webtiles) character file.

Game seed: 146139419957462602, levelgen mode: deterministic

18 15 the Caller (level 2, -3/19 HPs)
             Began as a Merfolk Summoner on Dec 16, 2019.
             Slain by a gnoll
             ... wielding a +0 club
              (12 damage)
             ... on level 2 of the Dungeon.
             The game lasted 00:10:22 (961 turns).

15 the Caller (Merfolk Summoner)                     Turns: 961, Time: 00:10:22

Health: -3/19      AC:  3    Str:  8    XL:     2   Next: 70%
Magic:  1/5        EV: 13    Int: 14    God:
Gold:   55         SH:  0    Dex: 14    Spells: 2/5 levels left

rFire    . . .     SeeInvis .   e - +0 spear
rCold    . . .     Gourm    .   (no shield)
rNeg     . . .     Faith    .   a - +0 robe
rPois    .         Spirit   .   (no helmet)
rElec    .         Reflect  .   (no cloak)
rCorr    .         Harm     .   f - +0 pair of gloves
MR       .....                  (no boots)
Stlth    ++........             (no amulet)
HPRegen  0.06/turn              (no ring)
MPRegen  0.09/turn              (no ring)

@: no status effects
A: change form in water, swift swim, stealthy swim
a: no special abilities


You were on level 2 of the Dungeon.
You were not hungry.

You visited 1 branch of the dungeon, and saw 2 of its levels.

You collected 55 gold pieces.

Inventory:

Hand Weapons
 e - a +0 spear (weapon)
 l - a +1 dagger of electrocution
 n - a +1 dagger of holy wrath
Armour
 a - a +0 robe (worn)
 f - a +0 pair of gloves (worn)
Scrolls
 b - a scroll of amnesia {unknown}
 g - a scroll of fear {unknown}
 j - 2 scrolls of remove curse
 m - a scroll of identify
Potions
 d - 2 potions of might
 i - a potion of heal wounds {unknown}
 k - a potion of curing {unknown}
Comestibles
 c - 3 rations
 h - 2 chunks of flesh


   Skills:
 * Level 0.2 Fighting
 * Level 1.1 Polearms
 * Level 2.8 Dodging
 * Level 2.4 Stealth
 + Level 2.1 Spellcasting
 * Level 4.3 Summonings


You had 2 spell levels left.
You knew the following spells:

 Your Spells              Type           Power        Failure   Level  Hunger
a - Summon Small Mammal   Summ           ##..         4%          1    #......
b - Call Imp              Summ           ##......     6%          2    ###....

Your spell library contained the following spells:

 Spells                   Type           Power        Failure   Level  Hunger
 Call Canine Familiar     Summ           ##......     12%         3    ###....
 Summon Guardian Golem    Hex/Summ       #.......     28%         3    ###....
 Summon Ice Beast         Ice/Summ       #.......     67%         4    #####..
 Summon Lightning Spire   Summ/Air       #.......     67%         4    #####..


Dungeon Overview and Level Annotations

Branches:
Dungeon (2/15)

Altars:


Message History

Your crimson imp completely misses the gnoll.
Attack whom?
Press: ? - help, Dir - move target cursor, f - gnoll, p - gnoll
Aim: a gnoll, wielding a +0 club (lightly wounded)
You could not reach far enough!
Your crimson imp closely misses the gnoll.
Attack whom?
Press: ? - help, Dir - move target cursor, f/p - gnoll
Aim: a gnoll, wielding a +0 club (lightly wounded)
You reach to attack!
You hit the gnoll.
The gnoll is moderately wounded.
Your crimson imp disappears in a puff of smoke!
Attack whom?
Press: ? - help, Dir - move target cursor, f/p - gnoll
Aim: a gnoll, wielding a +0 club (grey smoke, moderately wounded)
You barely miss the gnoll.
The gnoll is moderately wounded.
The gnoll hits you with a +0 club!
Ouch! That really hurt!
You die...

#.# #.# #.# #####.########### #.#
#...............####
######.#######.......#######.#..
#........†...........# #.#.#
..####.########.############.#.##
..#.....>.....#.# #....(.....
..###########.#.#######....$##.##
........)......r@ggg.............
..#.######.##.#.####.##......#<.#
..#.#....#.##.#.# ....######.#..#
..#.####.#.##.#.##....# #.#..#
....................... #.#..#
#.#.####.#.##.#.####.#.. .g...#
#.#)# #.#.##.#.# #.#..# #g##..
#.#.# #.#.##.#.# #.#... .g. ..
#.#.# #.#.#


You could see 3 gnolls and a friendly rat.

Vanquished Creatures
  A leopard gecko (D:2)
  3 goblins
  2 kobolds (D:2)
  A quokka (D:2)
  3 bats
  2 rats (D:1)
12 creatures vanquished.

Vanquished Creatures (collateral kills)
  2 bats (D:1)
  A giant cockroach (D:1)
  A goblin (D:1)
  A hobgoblin (D:1)
  2 kobolds (D:1)
  A frilled lizard (D:1)
8 creatures vanquished.

Grand Total: 20 creatures vanquished

Notes
Turn   | Place    | Note
-------+----------+-------------------------------------------
     0 | D:1      | 15 the Merfolk Summoner began the quest for the Orb.
     0 | D:1      | Reached XP level 1. HP: 13/13 MP: 3/3
   484 | D:1      | Reached XP level 2. HP: 19/19 MP: 0/5
   492 | D:1      | Learned a level 2 spell: Call Imp
   789 | D:2      | Reached skill level 1 in Polearms
   961 | D:2      | Slain by a gnoll

Levels and vault maps discovered:
D:1:      ebering_hopf_link, layout_loops_ring
D:2:      layout_basic

Skill      XL: |  1  2 |
---------------+-------+-----
Polearms       | 1 |  1.1
Fighting       | |  0.2
Dodging        | |  2.8
Stealth        | |  2.4
Spellcasting   | |  2.1
Summonings     | |  4.3

Action                   || total
-------------------------++-------
Melee: Spear             ||    47
       Unarmed           ||     7
       Dagger            ||    12
 Cast: Summon Small Mamm ||    18
       Call Imp          ||     4
  Use: Scroll            ||     3
 Stab: Sleeping          ||     3
       Distracted        ||     1
  Eat: Chunk             ||     1
Armor: Robe              ||    18
Dodge: Dodged            ||    47

Table legend:
 A = Non-vault XP
 B = Vault XP
 C = Vault XP percentage of total XP
 D = Non-vault monster count
 E = Vault monster count
 F = Vault count percentage of total count
                 A         B        C        D         E       F
            +---------+---------+-------+---------+---------+-------
      Total |      27 |       0 |   0.0 |      20 |       0 |   0.0
            +---------+---------+-------+---------+---------+-------
        D:1 |      15 |       0 |   0.0 |      13 |       0 |   0.0
        D:2 |      12 |       0 |   0.0 |       7 |       0 |   0.0
            +---------+---------+-------+---------+---------+-------
